AoeStats
← chenya_ko

Arabia

509181919Analyzed
1v1 RM · 7d ago on Sep 25, 2026· 27m 15s· 2 players
Game mode
Random Map
Map size
Tiny (2 player)
Population
200
Speed
Normal
Resources
Standard
Victory
Conquest
Starting age
Dark Age
Ending age
Imperial Age
RankedLock teamsTeams togetherTeam positionsShared explorationLock speedFull tech treeHidden civsTurbo modeCheats
Victory
Defeat
🇵🇰 Khmer · Pakistan
1072
+16
🇹🇼 Japanese · Taiwan
1062
-16
chenya_ko
1:49 Loom
10:34 Feudal Age
10:44 Man-at-Arms
11:36 Double-Bit Axe
17:44 Fletching
19:22 Wheelbarrow
21:45 Forging
25:44 Castle Age
24:12 Scale Mail Armor
24:01 Arson
24:37 Horse Collar
24:51 Gold Mining
25:53 Long Swordsman
26:20 Gambesons
26:36 Squires
27:58 Iron Casting
A G H A
7:56 Feudal Age
6:45 Loom
10:39 Double-Bit Axe
17:16 Wheelbarrow
20:03 Castle Age
17:45 Horse Collar
21:21 Scale Barding Armor
22:59 Bow Saw
24:12 Chain Barding Armor
26:31 Husbandry
Connection lost

Rejoining the realm…

Still unreachable

The connection could not be restored.

Session expired

The server has moved on; the page needs a fresh start.